 Dungeon Crawl Stone Soup version 0.27-a0-909-g0721f309d1 (webtiles) character file.

Game seed: 8805729093070890770

41 Lugonue the Magician (level 3, -3/37 HPs)
             Began as a Djinni Fire Elementalist on Apr 8, 2021.
             Slain by Crazy Yiuf
             ... wielding a +4 quarterstaff of chaos
              (13 damage)
             ... on level 2 of the Dungeon.
             The game lasted 00:03:50 (2452 turns).

Lugonue the Magician (Djinni Fire Elementalist)     Turns: 2452, Time: 00:03:50

Health: -3/37      AC: 21    Str:  7    XL:     3   Next: 52%
Gold:   78         EV:  2    Int: 17    God:
                   SH:  0    Dex: 13

rFire    . . .     SeeInvis +   i - +0 spear
rCold    . . .     Faith    .   (no shield)
rNeg     + + +     Spirit   .   (armour currently unavailable)
rPois    ∞         Reflect  .   (helmet currently unavailable)
rElec    .         Harm     .   (cloak currently unavailable)
rCorr    .         Rampage  .   (gloves currently unavailable)
Will     .....     NoTele   +   (boots unavailable)
Stlth    ++........             (no amulet)
HPRegen  0.12/turn              d - ring of see invisible
MPRegen  0.00/turn              (no ring)

@: brilliant, tree-form
A: stationary, stasis, torment immunity, boosted hp, (fire resistance 2), (cold
vulnerability 1), float, innate caster, hp casting, extra vitality 1
a: no special abilities


You were on level 2 of the Dungeon.
You were a tree.
You visited 1 branch of the dungeon, and saw 2 of its levels.

You collected 78 gold pieces.

Inventory:

Hand Weapons
 i - a +0 spear (weapon)
Armour
 a - a +0 robe (melded)
Jewellery
 d - a ring of see invisible (left branch)
Scrolls
 b - a scroll of enchant armour {unknown}
 f - 2 scrolls of identify {unknown}
 g - a scroll of fear {unknown}
 h - a scroll of immolation {unknown}
 j - 2 scrolls of teleportation {unknown}
 m - a scroll of summoning {unknown}
 n - a scroll of amnesia {unknown}
Potions
 l - a potion of curing {unknown}
 o - a potion of resistance {unknown}


   Skills:
 - Level 2.3 Dodging
 - Level 1.6 Stealth
 + Level 3.8 Spellcasting


You couldn't memorise any spells.
You knew the following spells:

 Your Spells              Type           Power      Damage    Failure   Level
a - Foxfire               Conj/Fire      96%        2x1d8     3%          1
b - Conjure Flame         Conj/Fire      24%        6-21      10%         3
c - Inner Flame           Hex/Fire       24%        N/A       10%         3
d - Sticky Flame          Conj/Fire      24%        2d5       32%         4
e - Fireball              Conj/Fire      12%        3d7       67%         5
f - Sandblast             Erth           48%        2d12      3%          1
Your spell library was empty.

Dungeon Overview and Level Annotations

Branches:
Dungeon (2/15)

Altars:

Annotations:
D:2 Crazy Yiuf


Innate Abilities, Weirdness & Mutations

You are a tree.
Your roots penetrate the ground, keeping you stationary.
You cannot be teleported.
You are immune to unholy pain and torment.
Your maximum health is greatly increased.
Your equipment is partially melded.
You are immune to poison.
((Your flesh is very heat resistant. (rF++)))
((You are vulnerable to cold. (rC-)))
You float through the air rather than walking.
You learn spells naturally, not from books.
Your magical power is your life essence.
You have superior vitality. (+4 HP)


Message History

Okay, then.
Unknown command.
Crazy Yiuf says, "Cholesterol agre head!"
It was a potion of cancellation.
You feel magically purged.
Crazy Yiuf hits you with a +4 quarterstaff of chaos!
Crazy Yiuf freezes you.
It was a potion of lignification.
You turn into a tree.
Your +0 robe melds into your body.
Your roots penetrate the ground.
Crazy Yiuf hits you but does no damage.
You suddenly lose the ability to move!
Crazy Yiuf says, "Fire poople tea!"
Crazy Yiuf hits you but does no damage. Crazy Yiuf hits you but does no damage.
You can move again.
It was a potion of brilliance.
You feel clever all of a sudden. Crazy Yiuf completely misses you.
Casting: Conjure Flame (dangerous; 10% risk of failure)
Confirm with . or Enter, or press ? or * to list all spells.
You feel a surge of power!
You conjure some foxfire!
Crazy Yiuf hits you with a +4 quarterstaff of chaos.
Crazy Yiuf burns you.
Casting: Foxfire (safe; 3% risk of failure)
Confirm with . or Enter, or press ? or * to list all spells.
You feel a surge of power!
You conjure some foxfire!
* * * LOW HITPOINT WARNING * * *
The foxfire hits Crazy Yiuf.
Crazy Yiuf is lightly wounded.
The foxfire hits Crazy Yiuf.
Crazy Yiuf is heavily wounded.
Crazy Yiuf hits you but does no damage.
Casting: Foxfire (safe; 3% risk of failure)
Confirm with . or Enter, or press ? or * to list all spells.
You feel a surge of power!
You conjure some foxfire!
* * * LOW HITPOINT WARNING * * *
The foxfire hits Crazy Yiuf.
Crazy Yiuf is heavily wounded.
The foxfire hits Crazy Yiuf.
Crazy Yiuf is heavily wounded.
Crazy Yiuf hits you with a +4 quarterstaff of chaos!
You die...

####.##.)##.#.#.###.#######
#..........).......#
#..........#.#######
#..##.##.#.#.###
#####.##..#.#.#...#
......#.....#.#.#.##♣♣ ###
#...#.#.#...#.....+..♣♣ ♣♣#..)#
#...#.#........v......♣♣♣♣.'...#
#...###.........♣g..P..♣..♣#...#
#...# #.##..#..§.v+...♣.♣♣♣ ###
#...# #.###.#....###♣♣♣♣♣ #####
#.# #......# #.#
#.....[################ #.#
#.:....#......#........ #.#
#......#.(....#.....###
#######.# #...................#
........#
###....####.###########


You could see Crazy Yiuf (ally target).

Vanquished Creatures
  An adder (D:2)
  2 worms (D:2)
  2 bats
  An endoplasm (D:2)
  A giant cockroach (D:1)
  3 goblins (D:2)
  3 hobgoblins (D:1)
  3 jackals (D:2)
  4 ball pythons
  A frilled lizard (D:1)
  2 kobolds
  2 rats
25 creatures vanquished.

Vanquished Creatures (others)
  64 foxfires
  A plant (D:1)
65 creatures vanquished.

Grand Total: 90 creatures vanquished

Notes
Turn   | Place    | Note
-------+----------+-------------------------------------------
     0 | D:1      | Lugonue the Djinni Fire Elementalist began the quest for
                  | the Orb.
     0 | D:1      | Reached XP level 1. HP: 15/15 MP: 0/0
    25 | D:1      | Found a faded altar of an unknown god.
   545 | D:1      | Reached skill level 3 in Spellcasting
   681 | D:1      | Reached XP level 2. HP: 19/21 MP: 0/0
  1636 | D:2      | Reached XP level 3. HP: 20/25 MP: 0/0
  1636 | D:2      | Learned a level 1 spell: Sandblast
  1969 | D:2      | Found a runed translucent door.
  1970 | D:2      | Noticed Crazy Yiuf
  2446 | D:2      | Paralysed by Crazy Yiuf for 3 turns
  2452 | D:2      | Slain by Crazy Yiuf

Illustrated notes

Levels and vault maps discovered:
D:1:      mrwooster_arrival_statue_2, layout_loops_ring,
          shapermc_ecumenical_altar_mp_ritualfount, serial_forest,
          infiniplex_forest_straight_3, infiniplex_forest_zigzag_1,
          infiniplex_forest_lined_1, infiniplex_forest_lined_2,
          infiniplex_forest_end_1, infiniplex_forest_clump_double,
          infiniplex_forest_straight_2, infiniplex_forest_zigzag_1,
          infiniplex_forest_lined_room_2, infiniplex_forest_clump_small,
          minmay_misc_feat_encased
D:2:      layout_basic, uniq_crazy_yiuf_cottage

Skill      XL: |  1 |
---------------+----+-----
Spellcasting   | 3 |  3.8
Dodging        | |  2.3
Stealth        | |  1.6

Action                   || total
-------------------------++-------
Melee: Spear             ||    37
 Cast: Foxfire           ||    40
       Conjure Flame     ||     1
  Use: Potion            ||     3
 Stab: Sleeping          ||     2
Armor: Robe              ||     8
       Skin              ||     4
Dodge: Dodged            ||    27

Table legend: (Time is in decaauts)
 A = Elapsed time spent in this place.
 B = Non-inter-level travel time spent in this place.
 C = Inter-level travel time spent in this place.
 D = Time resting spent in this place.
 E = Time spent auto-exploring this place.
 F = Levels seen in this place.
 G = Mean time per level.
                   A        B        C        D        E       F      G
               +--------+--------+--------+--------+--------+-----+--------+
         Total |   2454 |   2407 |     47 |      0 |   2136 |   2 | 1227.0 |
       Dungeon |   2454 |   2407 |     47 |      0 |   2136 |   2 | 1227.0 |
               +--------+--------+--------+--------+--------+-----+--------+

Top non-repeatable levels by time:
     D:2: 1247 daAuts
     D:1: 1207 daAuts
